 Dungeon Crawl Stone Soup version 0.15.2 (webtiles) character file.

116 HopeRidesAlone the Insei (level 4, -2/35 HPs)
             Began as a Mummy Monk on Oct 24, 2015.
             Killed by divine providence
             ... invoked by an orc priest
              (11 damage)
             ... on Level 3 of the Dungeon.
             The game lasted 00:06:43 (4355 turns).

HopeRidesAlone the Insei (Mummy Monk)               Turns: 4355, Time: 00:06:43

HP  -2/35        AC  3     Str 14      XL: 4   Next: 69%
MP   4/4         EV 13     Int  9      God:
Gold 137         SH  0     Dex 15      Spells:  0 memorised,  3 levels left

rFire  x . .     SeeInvis .       - Unarmed
rCold  + . .     Clarity  .     (no armour)
rNeg   + + +     rCorr    .     (no shield)
rPois  +         rRot     +     l - +0 helmet
rElec  .         Spirit   .     d - +0 cloak
SustAb .         Warding  .     (no gloves)
rMut   .         Stasis   .     h - +0 pair of boots
Gourm  .                        (no amulet)
MR     .....                    (no ring)
                                (no ring)

@: not resistant to hostile enchantments, unstealthy
A: no food or potions, fire vulnerability, restore body, cold resistance 1,
negative energy resistance 3, poison resistance, torment resistance, unbreathing
a: no special abilities


You were on level 3 of the Dungeon.
You were not hungry.

You visited 1 branch of the dungeon, and saw 3 of its levels.

You collected 137 gold pieces.


Innate Abilities, Weirdness & Mutations

You do not eat or drink.
Your flesh is vulnerable to fire.
Your flesh is cold resistant.
You are immune to negative energy.
Your system is resistant to poisons.
You are immune to unholy pain and torment.
You can survive without breathing.


   Skills:
 - Level 3.0 Fighting
 - Level 2.4 Dodging
 - Level 1.5 Stealth
 + Level 5.0 Unarmed Combat


You had 3 spell levels left.
You didn't know any spells.

Inventory:

Armour
 a - a +0 robe
 d - a +0 cloak (worn)
 h - a +0 pair of boots (worn)
 l - a +0 helmet (worn)
Comestibles
 k - 2 fruits (quivered)
Scrolls
 b - 3 scrolls of identify {unknown}
 c - 2 scrolls of immolation {unknown}
 e - 2 scrolls of fear {unknown}
 f - a scroll of noise {unknown}
 g - a scroll of recharging {unknown}
 i - a scroll of remove curse {unknown}
 j - a scroll of enchant weapon {unknown}

Dungeon Overview and Level Annotations

Branches:
Dungeon (3/15)

Altars:
Sif Muna
Trog

Annotations:
D:2 2 exclusions, Sigmund

..# #.# ###.#
..#.# #.#.#
#.#.# ##.#.#
#.r..# ♣.M..##
♣♣≈♣♣ ♣♣♣...#
♣♣≈≈≈P≈♣♣≈...#
≈≈≈≈≈..≈)....#
♣♣≈..P♣♣♣♣oo##
♣≈≈ ♣♣.### ♣
♣♣#....#
♣=####.# ♣ #.#
#.#


You could see an orc priest, an orc wizard and a quokka.


Message History

An orc priest comes into view. It is wielding a dagger.
The orc priest shouts!
Found a tubular iron ring.
An orc comes into view. It is wielding a dagger.
An orc wizard comes into view. It is wielding a dagger.
You hit the goblin.
You kill the goblin!
An orc comes into view. It is wielding a hand axe.
The orc moves out of view.
An orc comes into view. It is wielding a short sword.
Things that are here:
a dagger; a goblin corpse The orc priest mumbles some strange prayers to Beogh against you.
Something smites you!
The orc wizard casts a spell.
The orc wizard seems to speed up.
The orc priest glows brightly for a moment.
The orc priest becomes somewhat translucent.
A quokka comes into view.
You completely miss the quokka. The quokka misses you.
You hit the quokka but do no damage. The quokka misses you.
You hit the quokka but do no damage.
The orc priest calls down the wrath of Beogh upon you.
Something smites you!
* * * LOW HITPOINT WARNING * * *
The quokka barely misses you.
You barely miss the quokka.
The orc priest mumbles some strange prayers to Beogh against you.
Something smites you!
You die...

Action                   |  1- 3 |  4- 6 || total
-------------------------+-------+-------++-------
Melee: Unarmed           |   166 |   112 ||   278

Vault maps used:
D:1:      dpeg_arrival_shrine
D:2:      led_sif_pool, kennysheep_another_room, trog_hazing_becter,
          uniq_sigmund
D:3:      serial_bayou_crossing, uniq_natasha

Notes
Turn   | Place    | Note
--------------------------------------------------------------
     0 | D:1      | HopeRidesAlone, the Mummy Monk, began the quest for the Orb.
     0 | D:1      | Reached XP level 1. HP: 18/18 MP: 1/1
   389 | D:1      | Reached XP level 2. HP: 10/24 MP: 2/2
   899 | D:1      | Reached skill level 4 in Unarmed Combat
  1335 | D:2      | Reached XP level 3. HP: 8/29 MP: 3/3
  2145 | D:2      | Found a bloodstained altar of Trog.
  2261 | D:2      | Noticed Sigmund
  2635 | D:1      | Reached XP level 4. HP: 33/35 MP: 4/4
  3391 | D:2      | Found a deep blue altar of Sif Muna.
  3553 | D:2      | HP: 2/35 [worm (10)]
  3868 | D:2      | Reached skill level 5 in Unarmed Combat
  4355 | D:3      | Killed from afar by an orc priest

Vanquished Creatures
  4 adders (D:2)
  A worm (D:2)
  An ooze (D:3)
  A ball python (D:2)
  4 giant cockroaches
  11 hobgoblins
  8 kobolds
  7 bats
  3 giant geckos
  A giant newt (D:2)
  12 goblins
  3 jackals
  9 rats
65 creatures vanquished.
